Map: Backwater LE

Players

Creator - Winner!

  • Race: Protoss Protoss
  • Spawn Location: 5:00

Awers (Hades)

  • Race: Terran Terran
  • Spawn Location: 11:00

Event: IEM Season 12 - Katowice

VOD

Have the link to the VOD?

Description

Time

  • Played on: Feb. 26, 2018, 10:46 a.m.
  • Length: 8:19

All games in this series

Show
View Real Time Build Order
Export as new Build Order

Creator Protoss - Winner!

Build Orders: 1 Gate Expand, Oracle Opening, Chargelot Immortal, Zealot Archon 

Get SALT Encoding   

  12  0:00  Probe  
  13  0:12  Probe  
  14  0:17  Pylon  
  14  0:24  Probe (Chrono Boost)  
  15  0:37  Probe (Chrono Boost)  
  15  0:38  Gateway  
  16  0:45  Probe (Chrono Boost)  
  16  0:46  Assimilator  
  17  0:51  Probe  
  18  1:03  Probe  
  19  1:22  Nexus  
  19  1:29  Cybernetics Core  
  19  1:32  Probe (Chrono Boost)  
  20  1:42  Probe (Chrono Boost)  
  20  1:43  Assimilator  
  20  1:47  Probe (Chrono Boost)  
  21  1:52  Pylon  
  22  1:58  Probe  
  23  2:09  Adept (Chrono Boost)  
  23  2:10  Probe  
  26  2:19  Stargate  
  26  2:23  Probe  
  26  2:28  Adept  
  29  2:34  Probe (Chrono Boost)  
  31  2:37  Probe (Chrono Boost)  
  31  2:40  Warp Gate  
  31  2:46  Probe (Chrono Boost)  
  33  2:52  Probe (Chrono Boost)  
  33  2:53  Probe (Chrono Boost)  
  34  2:59  Probe  
  34  3:00  Probe, Oracle (Chrono Boost)  
  39  3:13  Probe x2  
  39  3:19  Gateway  
  41  3:22  Gateway  
  41  3:27  Probe, Shield Battery  
  41  3:28  Probe  
  41  3:31  Pylon  
  43  3:36  Oracle  
  46  3:47  Robotics Facility  
  46  3:49  Probe x2  
  48  4:01  Nexus  
  48  4:04  Probe (Chrono Boost)  
  48  4:06  Probe (Chrono Boost)  
  48  4:07  Pylon  
  50  4:15  Probe (Chrono Boost)  
  50  4:16  Probe (Chrono Boost)  
  52  4:19  Phoenix  
  52  4:23  Probe (Chrono Boost)  
  54  4:25  Probe  
  54  4:28  Twilight Council  
  54  4:29  Forge  
  56  4:35  Probe  
  56  4:37  Probe  
  58  4:39  Observer, Assimilator  
  58  4:41  Assimilator  
  59  4:47  Stalker  
  59  4:48  Probe, Pylon  
  59  4:51  Pylon  
  62  5:00  Pylon  
  62  5:03  Immortal (Chrono Boost)  
  62  5:06  Probe x2  
  68  5:15  Charge (Chrono Boost)  
  68  5:17  Protoss Ground Armor Level 1 (Chrono Boost)  
  68  5:29  Gateway  
  68  5:31  Gateway  
  68  5:32  Gateway  
  68  5:35  Immortal (Chrono Boost)  
  72  5:45  Zealot x2  
  72  5:46  Zealot  
  72  5:49  Robotics Facility  
  78  5:52  Gateway  
  78  6:06  Gateway x2  
  78  6:09  Immortal (Chrono Boost), Templar Archives  
  82  6:21  Sentry  
  82  6:22  Zealot x2  
  82  6:24  Pylon  
  88  6:26  Pylon  
  92  6:40  Immortal (Chrono Boost)  
  92  6:42  Immortal (Chrono Boost)  
  96  7:13  Zealot x2, High Templar  
  96  7:14  Zealot x3  
  96  7:15  Zealot  
  110  7:17  Pylon, Immortal (Chrono Boost)  
  110  7:19  Warp Prism (Chrono Boost)  
  116  7:26  Pylon  
  116  7:36  Zealot x3, High Templar  
  124  7:39  Pylon  
  124  7:41  Pylon  
  124  7:42  Archon  
  124  7:47  Zealot x4  
  140  7:59  Zealot x2  
  142  8:12  Zealot x4  
Show
View Real Time Build Order
Export as new Build Order

Awers Terran 

Build Orders: Cyclone Opening, Gas First Reaper Expand, Reaper Expand, Mech 

Get SALT Encoding   

  12  0:00  SCV  
  13  0:13  SCV  
  14  0:17  Supply Depot  
  14  0:25  SCV  
  14  0:27  Refinery  
  15  0:39  SCV  
  16  0:44  Barracks  
  16  0:51  SCV  
  17  1:03  SCV  
  18  1:15  SCV  
  19  1:31  Reaper, Orbital Command  
  20  1:45  Command Center  
  20  1:55  Factory  
  20  2:00  SCV  
  21  2:05  Refinery  
  21  2:06  Barracks Reactor  
  21  2:12  SCV  
  22  2:16  Supply Depot  
  22  2:24  SCV  
  23  2:38  SCV  
  24  2:47  Cyclone  
  24  2:50  SCV  
  28  2:53  Cyclone  
  28  2:56  Orbital Command  
  31  3:02  SCV  
  32  3:14  SCV  
  32  3:16  Factory  
  33  3:22  SCV  
  33  3:26  SCV  
  35  3:27  Refinery  
  35  3:33  Factory Tech Lab  
  35  3:34  SCV  
  35  3:37  Marine x2  
  35  3:40  Supply Depot  
  37  3:41  SCV  
  37  3:46  SCV, Armory  
  39  3:53  SCV  
  40  3:55  Marine x2  
  40  3:56  Siege Tank  
  40  3:59  SCV  
  46  4:03  Supply Depot  
  46  4:05  Factory Tech Lab  
  46  4:06  SCV  
  47  4:13  SCV  
  48  4:20  SCV  
  49  4:25  SCV  
  49  4:27  Supply Depot  
  49  4:29  Refinery  
  50  4:32  SCV  
  50  4:33  Thor  
  50  4:37  SCV  
  58  4:38  Terran Vehicle Weapons Level 1  
  58  4:45  Hellion  
  62  4:48  SCV, Factory  
  62  4:50  Supply Depot  
  61  4:53  Hellion  
  61  4:57  SCV  
  64  5:02  SCV  
  65  5:09  SCV  
  65  5:13  Hellion  
  69  5:14  SCV  
  69  5:16  Thor  
  69  5:20  Supply Depot  
  75  5:23  Factory  
  75  5:28  SCV x2  
  77  5:35  Barracks Reactor  
  77  5:40  Supply Depot, SCV  
  77  5:41  Siege Tank  
  81  5:44  Hellion x2  
  85  5:53  Infernal Pre-Igniter  
  85  5:54  Engineering Bay  
  85  6:00  Supply Depot  
  85  6:02  Siege Tank  
  88  6:06  Supply Depot  
  88  6:07  Hellion x2  
  92  6:13  Hellion x2  
  92  6:15  Hellion  
  94  6:22  Supply Depot, Hellion, Siege Tank  
  99  6:30  Hellion x2  
  103  6:33  Supply Depot  
  103  6:38  Siege Tank  
  106  6:43  Cyclone  
  106  6:44  Cyclone  
  112  6:48  Supply Depot  
  112  6:51  Cyclone  
  113  7:06  Cyclone  
  112  7:24  Cyclone x2  
  112  7:25  Hellion x3  
  124  7:38  Hellion  
  125  7:46  Cyclone x2, Hellion  
  133  7:57  Command Center  

Tags
 
Add a new tag
Caveats
  • Supply blocks, unpowered buildings, or Contaminate may cause inaccurate times.
  • Supply counts are checked every 10 seconds.